 Dungeon Crawl Stone Soup version 0.28-a0-475-g7dc2aef8ca (webtiles) character file.

Game seed: 7665409764519772840

18090 Conn the Arsonist (level 12, -3/72 HPs)
             Began as an Octopode Fire Elementalist on Sept 16, 2021.
             Was an Elder of Sif Muna.
             Slain by a black mamba (16 damage)
             ... on level 1 of the Lair of Beasts.
             The game lasted 00:54:52 (19370 turns).

Conn the Arsonist (Octopode Fire Elementalist)     Turns: 19370, Time: 00:54:52

Health: -3/72      AC:  1    Str: 13    XL:     12   Next: 54%
Magic:  30/34      EV: 15    Int: 27    God:    Sif Muna [****..]
Gold:   2915       SH: 13    Dex: 19    Spells: 10/29 levels left

rFire   + . .      SeeInvis .   b - +4 short sword (protect)
rCold   . . .      Faith    .   p - +2 buckler
rNeg    + + .      Spirit   .   (helmet restricted)
rPois   +          Reflect  +   B - amulet of reflection
rElec   +          Harm     .   j - ring of willpower
rCorr   .          Rampage  .   F - ring "Gaschiruos" {Fire rPois Will+ Int+5 Stlth+}
Will    ++...                   G - ring of Mokimp {rElec rC+ rN++ Str+6}
Stlth   ++++++....              o - +6 ring of dexterity
HPRegen 0.22/turn               n - ring of magical power
MPRegen 0.24/turn               (no ring)
                                (no ring)
                                (no ring)

@: lethally poisoned (-3 -> -14), studying 3 skills
A: almost no armour, amphibious, 8 rings, camouflage 1, gelatinous body 1,
(nimble swimmer 1), tentacles
a: Renounce Religion, Channel Magic, Forget Spell, Divine Exegesis


You were on level 1 of the Lair of Beasts.
You worshipped Sif Muna.
Sif Muna was greatly pleased with you.
You visited 3 branches of the dungeon, and saw 14 of its levels.
You also visited: Bailey.

You collected 3035 gold pieces.
You spent 120 gold pieces at shops.

Inventory:

Hand Weapons
 a - a +1 mace of draining
 b - a +4 short sword of protection (weapon)
 E - a +2 halberd of venom
Missiles
 h - 10 atropa-tipped darts
 y - 8 curare-tipped darts (quivered)
Armour
 p - a +2 buckler (worn)
Jewellery
 j - a ring of willpower (left tentacle)
 n - a ring of magical power (on tentacle)
 o - a +6 ring of dexterity (on tentacle)
 w - the amulet of Lesser Demons {RegenMP -Tele rF++ Str+6}
   (You found it on level 5 of the Dungeon)

   [amulet of magic regeneration]

   It increases your rate of magic regeneration.
   Str:       It affects your strength (+6).
   rF:        It greatly protects you from fire.
   -Tele:     It prevents most forms of teleportation.
 x - an amulet of the acrobat
 B - an amulet of reflection (around mantle)
 F - the ring "Gaschiruos" (right tentacle) {Fire rPois Will+ Int+5 Stlth+}
   (You acquired it in a bailey)

   [ring of fire]

   It enhances your fire magic.
   Int:       It affects your intelligence (+5).
   rF:        It protects you from fire.
   rC:        It makes you vulnerable to cold.
   rPois:     It protects you from poison.
   Will:      It increases your willpower.
   Stlth:     It makes you more stealthy.
 G - the ring of Mokimp (on tentacle) {rElec rC+ rN++ Str+6}
   (You acquired it in a bailey)

   [ring of strength]

   Str:       It affects your strength (+6).
   rC:        It protects you from cold.
   rElec:     It insulates you from electricity.
   rN:        It greatly protects you from negative energy.
 I - an amulet of regeneration
Wands
 m - a wand of flame (45)
 C - a wand of iceblast (12)
Scrolls
 c - 2 scrolls of identify
 d - 3 scrolls of teleportation
 l - 4 scrolls of magic mapping
 q - a scroll of holy word {unknown}
 v - a scroll of noise {unknown}
 H - a scroll of blinking
 J - a scroll of fear
 K - a scroll of torment {unknown}
Potions
 e - 2 potions of flight
 f - 2 potions of resistance
 g - 4 potions of haste
 i - 3 potions of curing
 k - a potion of cancellation
 r - a potion of might
 s - a potion of heal wounds
 t - 3 potions of brilliance
 u - 2 potions of degeneration {unknown}
 z - a potion of invisibility
 A - 2 potions of mutation
 D - a potion of ambrosia


   Skills:
 + Level 2.7 Fighting
 + Level 1.2 Short Blades
 + Level 2.9 Maces & Flails
 + Level 0.5 Polearms
 + Level 4.0 Dodging
 + Level 8.0 Stealth
 * Level 4.9 Shields
 + Level 9.0 Spellcasting
 * Level 9.1 Conjurations
 - Level 4.0 Hexes
 * Level 11.7 Fire Magic
 - Level 6.0 Invocations


You had 10 spell levels left.
You knew the following spells:

 Your Spells              Type           Power      Damage    Failure   Level
a - Foxfire               Conj/Fire      100%       2x1d9     1%          1
b - Conjure Flame         Conj/Fire      80%        6-21      1%          3
c - Inner Flame           Hex/Fire       70%        N/A       1%          3
d - Flame Wave            Conj/Fire      80%        3d14      1%          4
e - Sticky Flame          Conj/Fire      80%        2d9       1%          4
f - Fulminant Prism       Conj/Hex       23%        3d13      3%          4

Your spell library contained the following spells:

 Spells                   Type           Power      Damage    Failure   Level
 Magic Dart               Conj           100%       1d8       1%          1
 Scorch                   Fire           100%       2d10      1%          2
 Searing Ray              Conj           100%       2d8       1%          2
 Slow                     Hex            33%        N/A       1%          2
 Confusing Touch          Hex            33%        N/A       2%          3
 Ignite Poison            Fire/Tmut/Pois 49%        N/A       3%          3
 Cause Fear               Hex            16%        N/A       9%          4
 Vampiric Draining        Necr           6%         2d6       14%         3
 Freezing Cloud           Conj/Ice/Air   14%        6-21      36%         5
 Simulacrum               Ice/Necr       6%         N/A       100%        6
 Dragon Form              Tmut           6%         N/A       100%        7
 Malign Gateway           Summ/Tloc      6%         N/A       100%        7
 Summon Horrible Things   Summ           6%         N/A       100%        8
 Dragon's Call            Summ           6%         N/A       100%        9
 Polar Vortex             Ice            6%         N/A       100%        9


Dungeon Overview and Level Annotations

Branches:
Dungeon (12/15)            Temple (1/1) D:7            Lair (1/6) D:10
    Orc (0/2) D:11         Bailey (visited)

Altars:
Ashenzari
Elyvilon
Gozag
Kikubaaqudgha
Makhleb
Nemelex Xobeh
Okawaru
Sif Muna
Uskayaw
Wu Jian
Xom
Yredelemnul
Zin
The Shining One

Shops:
D:4 ?   D:8 (   D:9 ?


Innate Abilities, Weirdness & Mutations

You cannot wear most types of armour.
You are amphibious.
You can wear up to eight rings at the same time.
Your skin changes colour to match your surroundings (Stealth+).
Your rubbery body absorbs attacks. (AC +1, EV +1)
((You are camouflaged near water. (Stealth+)))
You have tentacles for arms and can constrict up to eight enemies at once.


Message History

You feel your magic capacity increase.
n - a ring of magical power (on tentacle)
K - a scroll labelled VUQAUF AZUE You now have 2901 gold pieces (gained 10).
You now have 2915 gold pieces (gained 14).
A black mamba comes into view.
A basilisk comes into view.
The black mamba bites you!
You are poisoned.
The black mamba poisons you!
The basilisk hisses angrily.
Casting: Foxfire (safe; 1% risk of failure)
Confirm with . or Enter, or press ? or * to list all spells.
Okay, then.
Okay, then.
Unknown command.
Unknown command.
Unknown command.
Casting: Foxfire (safe; 1% risk of failure)
Confirm with . or Enter, or press ? or * to list all spells.
Aiming: Inner Flame (safe; 1% risk of failure)
Press: ? - help, Shift-Dir - straight line, f - black mamba
Aim: a black mamba (chance to affect: 97%)
You feel a surge of power!
The black mamba is filled with an inner flame.
You feel very sick. The black mamba bites you.
The black mamba barely misses you.
Casting: Inner Flame (safe; 1% risk of failure)
Confirm with . or Enter, or press ? or * to list all spells.
You feel a surge of power!
You conjure some foxfire!
You feel very sick. The black mamba bites you! x2
* * * LOW HITPOINT WARNING * * *
Unknown command.
Your foxfire dissipates!
* * * LOW HITPOINT WARNING * * *
You feel very sick.
The foxfire hits the black mamba but does no damage.
The black mamba bites you!
You die...

#.P#####..###.##..#
# #.## #P.## .##..#
# #.## ##.# #..####
#..# #.# #......
##..####..###
####.#.
#P.###.......
.#.####.
#P.##..#..#
........
##.##§...##
.######. #...@Sl.#
#. #....###..# ##.
##....# ..... #P.
###.## .#..## #
###† #.. .####
##.#... ##.. .#
#.....[ .....
#.##... #.#.. #
###. #.


You could see a black mamba (inner flame) and a basilisk.

Vanquished Creatures
  A boulder beetle (D:11)
  Erica (D:8)
  2 two-headed ogres
  A tengu warrior (D:9)
  Pikel (D:5)
  A deep elf pyromancer (D:7)
  An oklob plant (D:10)
  A cane toad (Lair:1)
  6 kobold demonologists
  A komodo dragon (Lair:1)
  A hornet (D:11)
  Prince Ribbit (D:8)
  A wyvern (D:8)
  A shadow (D:12)
  3 wraiths
  2 vampires
  13 yaks
  Grum (D:9)
  2 steam dragons
  5 water moccasins
  An acid dragon (D:10)
  2 sky beasts (D:7)
  A necrophage (D:5)
  15 orc warriors
  3 ogres
  20 centaurs
  4 wolves
  A lemure (D:5)
  4 kobold brigands
  4 wyvern zombies
  4 bullfrogs (Lair:1)
  A wyvern skeleton (D:6)
  2 water moccasin skeletons (D:6)
  6 killer bees (D:11)
  8 wights (D:8)
  6 howler monkeys
  4 bullfrog zombies
  2 centaur skeletons
  7 centaur zombies
  2 hounds
  7 orc priests
  3 iguanas
  6 orc wizards
  4 killer bee zombies
  2 hound skeletons (D:5)
  3 howler monkey zombies
  A gnoll (D:3)
  A howler monkey skeleton (D:7)
  8 adders
  2 shadow imps
  2 ufetubi
  An adder skeleton (D:4)
  2 worms (D:3)
  A dart slug (D:1)
  58 orcs
  10 ball pythons
  6 bats
  9 endoplasms
  3 giant cockroaches
  13 goblins
  5 hobgoblins
  8 jackals
  15 kobolds
  4 quokkas
  4 frilled lizards
  7 rats
328 creatures vanquished.

Vanquished Creatures (collateral kills)
  A foxfire (D:5)
1 creature vanquished.

Vanquished Creatures (others)
  1190 foxfires
  6 fulminant prisms
  5 plants (D:10)
  6 withered plants (D:6)
1207 creatures vanquished.

Grand Total: 1536 creatures vanquished

Notes
Turn   | Place    | Note
-------+----------+-------------------------------------------
     0 | D:1      | Conn the Octopode Fire Elementalist began the quest for the
                  | Orb.
     0 | D:1      | Reached XP level 1. HP: 11/11 MP: 3/3
   116 | D:1      | Reached XP level 2. HP: 13/17 MP: 1/5
  1108 | D:1      | Reached XP level 3. HP: 21/21 MP: 2/6
  1502 | D:2      | Found a faded altar of an unknown god.
  2003 | D:2      | Found an iron altar of Okawaru.
  2048 | D:2      | Reached skill level 4 in Fire Magic
  2048 | D:2      | Reached XP level 4. HP: 23/27 MP: 5/7
  2425 | D:2      | Learned a level 3 spell: Conjure Flame
  2429 | D:2      | Learned a level 3 spell: Inner Flame
  2449 | D:3      | Noticed a +0 hand axe
  2450 | D:3      | Noticed a +0 dagger
  2452 | D:3      | Found a hide-covered altar of Uskayaw.
  2927 | D:3      | Found a broken altar of Ashenzari.
  3080 | D:3      | Reached XP level 5. HP: 30/31 MP: 9/9
  3771 | D:4      | Reached skill level 1 in Hexes
  3876 | D:4      | Found Ixzuc's Magic Scroll Shoppe.
  3884 | D:4      | Bought a scroll of blinking for 75 gold pieces
  3917 | D:4      | Reached skill level 1 in Maces & Flails
  3917 | D:4      | Reached XP level 6. HP: 22/37 MP: 3/10
  3972 | D:4      | Noticed a yak
  4043 | D:4      | Killed a yak
  4310 | D:4      | Reached XP level 7. HP: 38/42 MP: 8/12
  4617 | D:4      | Found a burning altar of Makhleb.
  4830 | D:4      | Found a shimmering blue altar of Sif Muna.
  4838 | D:4      | Became a worshipper of Sif Muna the Loreminder
  4844 | D:4      | Found an ancient bone altar of Kikubaaqudgha.
  4844 | D:4      | Found a white marble altar of Elyvilon.
  4857 | D:4      | Found a shimmering altar of Xom.
  4861 | D:4      | Found an iron altar of Okawaru.
  4964 | D:5      | Entered Level 5 of the Dungeon
  4970 | D:5      | Reached skill level 5 in Fire Magic
  5191 | D:5      | Reached skill level 1 in Fighting
  5697 | D:5      | Reached XP level 8. HP: 48/48 MP: 1/14
  5806 | D:5      | Noticed Pikel
  5910 | D:5      | Killed Pikel
  5911 | D:5      | Reached skill level 6 in Fire Magic
  5911 | D:5      | Reached skill level 1 in Invocations
  6270 | D:5      | Reached * piety under Sif Muna
  6282 | D:5      | Reached skill level 5 in Spellcasting
  6463 | D:5      | Identified the amulet of Lesser Demons {RegenMP -Tele rF++
                  | Str+6}
  6656 | D:5      | Learned a level 4 spell: Flame Wave
  6661 | D:5      | Learned a level 4 spell: Sticky Flame
  6713 | D:6      | Reached skill level 5 in Conjurations
  6713 | D:6      | Reached XP level 9. HP: 28/54 MP: 10/16
  6996 | D:6      | Reached skill level 7 in Fire Magic
  8239 | D:6      | Reached ** piety under Sif Muna
  9217 | D:7      | Noticed a deep elf pyromancer
  9227 | D:7      | Killed a deep elf pyromancer
  9228 | D:7      | Reached skill level 8 in Fire Magic
  9228 | D:7      | Reached XP level 10. HP: 60/60 MP: 8/19
  9239 | D:7      | Found a glowing silver altar of Zin.
  9389 | D:7      | Found a staircase to the Ecumenical Temple.
  9398 | Temple   | Entered the Ecumenical Temple
 11067 | D:8      | Found Udeyskac's Weapon Shoppe.
 11140 | D:8      | Noticed Prince Ribbit
 11146 | D:8      | Killed Prince Ribbit
 11358 | D:8      | Noticed Erica
 11363 | D:8      | Killed Erica
 11364 | D:8      | Reached skill level 9 in Fire Magic
 12280 | D:9      | Noticed a kobold demonologist
 12290 | D:9      | Killed a kobold demonologist
 12508 | D:9      | Noticed a tengu warrior
 12524 | D:9      | Killed a tengu warrior
 12525 | D:9      | Reached skill level 5 in Invocations
 12525 | D:9      | Reached XP level 11. HP: 34/64 MP: 4/22
 12549 | D:9      | Noticed a soul eater
 12554 | D:9      | Noticed Grum
 12587 | D:10     | Entered Level 10 of the Dungeon
 12743 | D:10     | Found a flagged portal.
 12754 | Bailey   | Entered a bailey
 12772 | Bailey   | Reached skill level 10 in Fire Magic
 12776 | Bailey   | Reached *** piety under Sif Muna
 13278 | Bailey   | Acquired the ring "Gaschiruos" {Fire rPois Will+ Int+5
                  | Stlth+}
 13281 | Bailey   | Acquired the ring of Mokimp {rElec rC+ rN++ Str+6}
 13284 | Bailey   | Acquired 1341 gold pieces
 13743 | Bailey   | Reached skill level 5 in Stealth
 14297 | D:10     | Found a staircase to the Lair.
 14297 | D:10     | Noticed an oklob plant
 14305 | D:10     | Learned a level 4 spell: Fulminant Prism
 14321 | D:10     | Killed an oklob plant
 15850 | D:9      | Noticed a two-headed ogre
 15861 | D:9      | Killed a two-headed ogre
 16262 | D:9      | Found Nougi's Magic Scroll Emporium.
 16270 | D:9      | Bought a scroll of fear for 45 gold pieces
 16433 | D:9      | You fall into a shaft and drop 1 floor!
 16508 | D:9      | Killed Grum
 16681 | D:9      | Reached skill level 11 in Fire Magic
 16781 | D:9      | Found a glowing golden altar of the Shining One.
 16783 | D:9      | Noticed an angel
 16798 | D:9      | Found a basalt altar of Yredelemnul.
 16800 | D:9      | Noticed a profane servitor
 16967 | D:11     | Reached **** piety under Sif Muna
 16968 | D:11     | Reached XP level 12. HP: 72/72 MP: 17/24
 17137 | D:11     | Found a staircase to the Orcish Mines.
 17141 | D:11     | Noticed a two-headed ogre
 17179 | D:11     | Killed a two-headed ogre
 17399 | D:11     | Noticed a boulder beetle
 17415 | D:11     | Killed a boulder beetle
 17808 | D:11     | Found the +3 salamander hide armour {Flames rF++ rC--}
 18443 | D:12     | Reached skill level 1 in Short Blades
 18571 | Lair:1   | Entered Level 1 of the Lair of Beasts
 19113 | Lair:1   | Acquired 868 gold pieces
 19370 | Lair:1   | Slain by a black mamba

Illustrated notes

Levels and vault maps discovered:
D:1:      minmay_arrival_nine_rooms, layout_loops_corners, minmay_bisected
D:2:      layout_basic, chequers_ecumenical_altar_simple, basic_altar,
          minmay_misc_feat_encased, mrwooster_statue_mirror
D:3:      minmay_general_purpose_star, layout_loops_corners,
          dancing_weapons_uskayaw, evilmike_ruin_ashenzari,
          minmay_stone_trees_medium, dk_noncrumbling_3, minmay_puff
D:4:      layout_basic, bloody_makhleb, minmay_overflow_temple_star_hex,
          serial_shops, shop, minmay_manual_monolith
D:5:      layout_loops_cross, minmay_misc_feat_tower, minmay_circle_x,
          uniq_pikel
D:6:      layout_loops_ring, serial_undead, serial_undead_d, serial_undead_e,
          serial_undead_e, serial_undead_f, serial_undead_c, serial_undead_a,
          chequers_jeans, kennysheep_doodads, minmay_misc_feat_doors,
          amethyst_killhole, minmay_manual_moon
D:7:      layout_rooms, mainiacjoe_overflow_six_doors_small,
          minmay_temple_entry_arrows, patterned_corridor
D:8:      layout_gridville, serial_shops, kennysheep_mini, uniq_erica,
          uniq_prince_ribbit1
D:9:      kennysheep_blocky_hall, layout_irregular_city,
          grunt_temple_overflow_holy_war, serial_shops, shop, uniq_grum
D:10:     layout_stronghold, dpeg_oklobed_lair, enter_bailey_3,
          minmay_statues_item
D:11:     layout_roguey, david_orc_2
D:12:     layout_stronghold, ebering_ghost_funeral_grove, uniq_sonja,
          uniq_rupert, uniq_nessos
Temple:   jpeg_temple_clearing
Lair:1:   layout_loops_ring, beast_lair_carwin_11

Skill      XL: |  1  2  3  4  5  6  7  8  9 10 11 12 |
---------------+-------------------------------------+-----
Stealth        | 3 4 6 8 |  8.0
Fire Magic     | 4 5 6 8 9 11 | 11.7
Spellcasting   | 3 4 5 6 7 8 9 |  9.0
Conjurations   | 2 3 5 6 7 8 9 |  9.1
Hexes          | 1 2 3 4 |  4.0
Maces & Flails | 1 2 |  2.9
Fighting       | 1 2 |  2.7
Invocations    | 2 3 5 6 |  6.0
Dodging        | 3 4 |  4.0
Shields        | 3 4 |  4.9
Short Blades   | 1 |  1.2
Polearms       | |  0.5

Action                   |  1- 3 |  4- 6 |  7- 9 | 10-12 || total
-------------------------+-------+-------+-------+-------++-------
Melee: Unarmed           |     3 |       |       |       ||     3
       Constrict         |     5 |     8 |    12 |    14 ||    39
       Tentacles         |     2 |     7 |     8 |    16 ||    33
       Mace              |    17 |    39 |    48 |    16 ||   120
       Halberd           |       |       |       |    16 ||    16
       Short sword       |       |       |       |    59 ||    59
Throw: Dart              |       |       |       |     1 ||     1
 Cast: Foxfire           |    56 |    64 |   192 |   369 ||   681
       Inner Flame       |       |     2 |    21 |    62 ||    85
       Conjure Flame     |       |       |     7 |     4 ||    11
       Sticky Flame      |       |       |     4 |    16 ||    20
       Flame Wave        |       |       |     1 |     1 ||     2
       Fulminant Prism   |       |       |       |     6 ||     6
Invok: Channel Magic     |       |       |       |     1 ||     1
Evoke: Wand              |       |       |     1 |     7 ||     8
  Use: Potion            |       |     4 |     1 |     1 ||     6
       Scroll            |       |       |     6 |    15 ||    21
 Stab: Sleeping          |     1 |     6 |     1 |     9 ||    17
Armor: Skin              |     4 |     5 |     6 |    27 ||    42
Dodge: Dodged            |    16 |    37 |    77 |   136 ||   266
Block: Other             |       |       |       |    21 ||    21
       Buckler           |       |       |       |    64 ||    64
       Reflection        |       |       |       |     1 ||     1

Table legend: (Time is in decaauts)
 A = Elapsed time spent in this place.
 B = Non-inter-level travel time spent in this place.
 C = Inter-level travel time spent in this place.
 D = Time resting spent in this place.
 E = Time spent auto-exploring this place.
 F = Levels seen in this place.
 G = Mean time per level.
                   A        B        C        D        E       F      G
               +--------+--------+--------+--------+--------+-----+--------+
         Total |  19391 |  19069 |    322 |   3582 |  11269 |  15 | 1292.7 |
       Dungeon |  17110 |  16796 |    314 |   3352 |   9795 |  12 | 1425.8 |
        Temple |     27 |     19 |      8 |      0 |     12 |   1 |   27.0 |
          Lair |    799 |    799 |      0 |      0 |    649 |   1 |  799.0 |
        Bailey |   1454 |   1454 |      0 |    229 |    813 |   1 | 1454.0 |
               +--------+--------+--------+--------+--------+-----+--------+

Top non-repeatable levels by time:
     D:5: 2348 daAuts
     D:8: 1996 daAuts
    D:10: 1787 daAuts
     D:6: 1785 daAuts
     D:1: 1543 daAuts
    D:11: 1474 daAuts
  Bailey: 1454 daAuts
     D:9: 1358 daAuts
     D:4: 1358 daAuts
     D:3: 1306 daAuts
     D:7: 1056 daAuts
     D:2: 897 daAuts
  Lair:1: 799 daAuts
    D:12: 196 daAuts
  Temple: 27 daAuts
